 Dungeon Crawl Stone Soup version 0.26.1-11-gd32895ea62 (webtiles) character file.

Game seed: 8359327990593757093

136 buriedalive the Chiller (level 4, -2/24 HPs)
             Began as a Deep Elf Ice Elementalist on May 17, 2021.
             Slain by a sky beast (6 damage)
             ... on level 3 of the Dungeon.
             The game lasted 00:04:29 (3926 turns).

buriedalive the Chiller (Deep Elf Ice Elementalist) Turns: 3926, Time: 00:04:29

Health: -2/24      AC:  2    Str:  5    XL:     4   Next: 98%
Magic:  10/12      EV: 14    Int: 21    God:
Gold:   154        SH:  0    Dex: 15    Spells: 5/12 levels left

rFire    . . .     SeeInvis .   f - +0 dagger
rCold    . . .     Faith    .   (no shield)
rNeg     . . .     Spirit   .   a - +0 robe
rPois    .         Reflect  .   (no helmet)
rElec    .         Harm     .   (no cloak)
rCorr    .         Rampage  .   (no gloves)
Will     .....                  (no boots)
Stlth    ++........             (no amulet)
HPRegen  0.08/turn              (no ring)
MPRegen  0.13/turn              (no ring)

@: no status effects
A: no striking features
a: no special abilities


You were on level 3 of the Dungeon.
You visited 1 branch of the dungeon, and saw 3 of its levels.

You collected 154 gold pieces.

Inventory:

Hand Weapons
 f - a +0 dagger (weapon)
Missiles
 d - 76 stones
 j - 14 poisoned darts (quivered)
Armour
 a - a +0 robe (worn)
Wands
 k - a wand of iceblast (10)
Scrolls
 c - 2 scrolls of enchant weapon {unknown}
 e - a scroll of identify {unknown}
 g - 2 scrolls of immolation {unknown}
 i - 2 scrolls of remove curse {unknown}
 l - a scroll of noise {unknown}
Potions
 h - a potion of haste {unknown}
 m - a potion of curing {unknown}
 n - a potion of lignification {unknown}


   Skills:
 + Level 4.1 Dodging
 - Level 2.4 Stealth
 + Level 4.7 Spellcasting
 + Level 5.3 Ice Magic


You had 5 spell levels left.
You knew the following spells:

 Your Spells              Type           Power        Failure   Level
a - Freeze                Ice            100%         1%          1
b - Frozen Ramparts       Ice            54%          3%          3
c - Ozocubu's Armour      Ice            27%          3%          3

Your spell library contained the following spells:

 Spells                   Type           Power        Failure   Level
 Hailstorm                Conj/Ice       16%          36%         4
 Summon Ice Beast         Ice/Summ       16%          36%         4


Dungeon Overview and Level Annotations

Branches:
Dungeon (3/15)

Altars:
Cheibriados
Okawaru

Annotations:
D:3 1 runed translucent door, Diggabert's ghost, amateur MfFi


Message History

You freeze the sky beast.
The sky beast is heavily wounded.
The sky beast hits you. The sky beast shocks you.
Unknown command.
The sky beast flickers out of sight!
Deactivating autopickup; reactivate with Ctrl-A.
It was a potion of heal wounds.
You feel much better. Something hits you. Something shocks you.
Aiming: Iceblast
Press: ? - help, Shift-Dir - straight line, f - kobold
Aim: a kobold, wielding a +0 whip The mass of ice explodes!
The iceblast engulfs something!
The iceblast engulfs the kobold!!
You kill the kobold!
The iceblast engulfs you!
* * * LOW HITPOINT WARNING * * *
Something hits you.
* * * LOW HITPOINT WARNING * * *
Something shocks you.
You die...

#≈≈≈#....#.##
#≈≈≈##.......
#WSr#......#.
##+###.)#### #...##..#
### #.......# ... ###
#.####..#
#.#####.#####.####.....
#....#.#@........##.####
.###....##.#####.##.##.#
..........)# #.##.##.#
#..#........# #.......#
##.#......# ####.####
...#......# ##.#####
.... .......# #......#
##...###.....# #..###.#
.... ......# #....#.#


There were no monsters in sight!

Vanquished Creatures
  Terence (D:3)
  A worker ant (D:2)
  2 adders (D:2)
  An ooze (D:2)
  An adder skeleton (D:2)
  A worm (D:2)
  2 dart slugs (D:1)
  A leopard gecko (D:1)
  3 ball pythons
  2 giant cockroaches
  6 goblins
  9 hobgoblins
  3 jackals (D:1)
  A quokka (D:3)
  5 bats
  A frilled lizard (D:2)
  11 kobolds
  3 rats
54 creatures vanquished.

Notes
Turn   | Place    | Note
-------+----------+-------------------------------------------
     0 | D:1      | buriedalive the Deep Elf Ice Elementalist began the quest
                  | for the Orb.
     0 | D:1      | Reached XP level 1. HP: 10/10 MP: 6/6
   253 | D:1      | Reached XP level 2. HP: 11/15 MP: 5/8
   736 | D:1      | Reached XP level 3. HP: 17/19 MP: 1/10
  1714 | D:2      | Reached skill level 5 in Ice Magic
  2100 | D:2      | Reached XP level 4. HP: 24/24 MP: 12/12
  3210 | D:2      | Found an iron altar of Okawaru.
  3464 | D:2      | Found a snail-covered altar of Cheibriados.
  3543 | D:3      | Noticed Terence
  3556 | D:3      | Killed Terence
  3815 | D:3      | Found a runed translucent door.
  3817 | D:3      | Noticed Diggabert's ghost (amateur MfFi)
  3907 | D:3      | Learned a level 3 spell: Frozen Ramparts
  3911 | D:3      | Learned a level 3 spell: Ozocubu's Armour
  3912 | D:3      | Noticed a sky beast
  3926 | D:3      | Slain by a sky beast

Illustrated notes

Levels and vault maps discovered:
D:1:      wander_arrival_desolate, layout_basic, corexii_corridor_pit,
          wad_floor_pattern_1
D:2:      layout_loops_ring, cheibriados_altar_1, lemuel_round_altar
D:3:      layout_loops_cross, ebering_ghost_sewer_f, xom_teletrap_fun,
          uniq_terence

Skill      XL: |  1  2  3  4 |
---------------+-------------+-----
Dodging        | 3 4 |  4.1
Spellcasting   | 4 |  4.7
Ice Magic      | 5 |  5.3
Stealth        | |  2.4

Action                   |  1- 3 |  4- 6 || total
-------------------------+-------+-------++-------
Melee: Unarmed           |    28 |       ||    28
       Dagger            |    31 |    42 ||    73
Throw: Dart              |       |     5 ||     5
 Cast: Freeze            |    48 |    20 ||    68
Evoke: Wand              |       |     1 ||     1
  Use: Potion            |       |     1 ||     1
 Stab: Sleeping          |     3 |     4 ||     7
Armor: Robe              |     8 |     5 ||    13
Dodge: Dodged            |    67 |    43 ||   110
